cohdb
Replays
Latest Replays
All Replays
Popular Replays
Top Player Replays
Match Explorer
How It Works
Community
CoH3 Stats
Reddit
Sign in to upload your games and track your stats! →
Sign in with Steam
Match 46142180
Unlisted
Match 46142180
Overview
Messages
Build Orders
End
Pioneer Squad
Construct Infanterie Kompanie
Grenadier Squad
Grenadier Squad
Grenadier Squad
Infanterie Officer Quarters
Selects Breakthrough Battlegroup
Selects Assault Grenadiers
Construct Panzergrenadier Kompanie
Selects Breakthrough
MG 42 Machine Gun Team
Pak 40 Anti-tank Gun Team
Selects Mechanized Assault Group
Mechanized Assault Group
Medical Bunker
Construct Panzer Kompanie
Pak 40 Anti-tank Gun Team
Panzer IV Medium Tank
MG 42 Machine Gun Team
Selects Rapid Production
Selects Blitzkrieg
MG 42 Machine Gun Team
Selects Tiger Heavy Tank
Tiger Heavy Tank
Sturmpanzer IV Brummbär
Blitzkrieg
Marin
MasterStef
0
0
Comments
sign in to comment!
No comments posted yet!